 Dungeon Crawl Stone Soup version 0.23-a0-629-gae4348f (console) character file.

30 bli the Chopper (level 3, 0/31 HPs)
             Began as a Draconian Monk on Dec 25, 2018.
             Slain by a gnoll (7 damage)
             ... on level 1 of the Dungeon.
             The game lasted 00:02:13 (825 turns).

bli the Chopper (Draconian Monk)                     Turns: 825, Time: 00:02:13

Health: 0/31       AC:  5    Str: 14    XL:     3   Next: 3%
Magic:  3/3        EV: 13    Int: 10    God:
Gold:   83         SH:  0    Dex: 13    Spells: 2/2 levels left

rFire    . . .     SeeInvis .   a - +0 hand axe
rCold    . . .     Gourm    .   (no shield)
rNeg     . . .     Faith    .   (armour unavailable)
rPois    .         Spirit   .   (helmet restricted)
rElec    .         Reflect  .   (no cloak)
rCorr    .         Harm     .   (no gloves)
MR       .....                  (no boots)
Stlth    ++........             (no amulet)
HPRegen  0.10/turn              (no ring)
MPRegen  0.08/turn              (no ring)

@: no status effects
A: unfitting armour, cold-blooded, AC +5
a: no special abilities


You were on level 1 of the Dungeon.
You were not hungry.

You visited 1 branch of the dungeon, and saw 2 of its levels.

You collected 83 gold pieces.

Inventory:

Hand Weapons
 a - a +0 hand axe (weapon)
Missiles
 k - 41 stones (quivered)
Scrolls
 c - 2 scrolls of random uselessness {unknown}
 f - a scroll of remove curse {unknown}
 h - a scroll of fear {unknown}
 i - a scroll of magic mapping {unknown}
 j - a scroll of identify {unknown}
Potions
 e - a potion of might {unknown}
 g - a potion of haste {unknown}
Comestibles
 b - 3 rations
 d - a chunk of flesh


   Skills:
 - Level 3.2 Fighting
 * Level 4.2 Axes
 - Level 2.6 Dodging
 - Level 1.7 Stealth


You had 2 spell levels left.
You didn't know any spells.
Your spell library was empty.

Dungeon Overview and Level Annotations

Branches:
Dungeon (2/15)

Altars:


Innate Abilities, Weirdness & Mutations

Your plain brown scales are hard. (AC +5)
You cannot fit into any form of body armour.
You are cold-blooded and may be slowed by cold attacks.


Message History

You barely miss the gnoll. You tail-slap the gnoll.
The gnoll is heavily wounded.
You hit the frilled lizard.
You kill the frilled lizard!
The gnoll barely misses you. The gnoll hits you with a +0 whip.
A rat comes into view.
The gnoll hits you with a +0 whip.
You see here a leopard gecko skeleton.
There is a stone staircase leading up here.
The gnoll closely misses you. x2
You climb upwards.
There is a stone staircase leading down here.
You hit the gnoll.
Your tail-slap misses the gnoll.
The gnoll is heavily wounded.
The gnoll hits you.
* * * LOW HITPOINT WARNING * * *
You hit the gnoll but do no damage.
The gnoll is heavily wounded.
The gnoll barely misses you. The gnoll hits you!
You die...

##..............##.##.#
#............#..#..##.#
#.................###..
#.................###..
##....................#
##...##............##.
#######...........##.
########### ##.............##.
#≈≈≈≈..P♣P# #.................
#≈≈≈≈....# #g...........#.#..
#≈≈≈.....#####@................
#≈≈≈..♣...'.##................#
#≈≈≈....[.'^#####.............#
#≈≈≈≈.....'.#####..........#.##
#≈≈≈≈...P##....................
#≈≈≈.....##.................###
#≈≈≈......#......##.........# #
#≈≈≈≈....♣#....).##.........# #
#≈≈≈≈....♣#.................###
#≈≈≈.....P#......##............
#≈≈.......#......#..........###


You could see a gnoll.

Vanquished Creatures
  A dart slug (D:1)
  2 leopard geckos
  A giant cockroach (D:2)
  4 goblins (D:1)
  4 hobgoblins (D:1)
  5 bats
  2 frilled lizards
  3 kobolds (D:1)
  2 rats (D:1)
24 creatures vanquished.

Notes
Turn   | Place    | Note
-------+----------+-------------------------------------------
     0 | D:1      | bli the Draconian Monk began the quest for the Orb.
     0 | D:1      | Reached XP level 1. HP: 19/19 MP: 1/1
   279 | D:1      | Reached XP level 2. HP: 20/26 MP: 2/2
   492 | D:1      | Reached skill level 4 in Axes
   810 | D:2      | Reached XP level 3. HP: 30/31 MP: 3/3
   825 | D:1      | Slain by a gnoll

Vault maps used:
D:1:      kennysheep_arrival_seaside

Skill      XL: |  1  2 |
---------------+-------+-----
Axes           | 4 |  4.2
Fighting       | |  3.2
Dodging        | |  2.6
Stealth        | |  1.7

Action                   || total
-------------------------++-------
Melee: Hand axe          ||    81
       Tailslap          ||     6
 Stab: Sleeping          ||     1
Armor: Skin              ||    24
Dodge: Dodged            ||    74

Table legend:
 A = Non-vault XP
 B = Vault XP
 C = Vault XP percentage of total XP
 D = Non-vault monster count
 E = Vault monster count
 F = Vault count percentage of total count
                 A         B        C        D         E       F
            +---------+---------+-------+---------+---------+-------
      Total |      43 |       0 |   0.0 |      24 |       0 |   0.0
            +---------+---------+-------+---------+---------+-------
        D:1 |      35 |       0 |   0.0 |      20 |       0 |   0.0
        D:2 |       8 |       0 |   0.0 |       4 |       0 |   0.0
            +---------+---------+-------+---------+---------+-------
